AoeStats
← [LCDR] Chorobura

Arabian Desert

510533271Analyzed
1v1 RM · 1d ago on Oct 1, 2026· 28m 54s· 2 players
Game mode
Random Map
Map size
Tiny (2 player)
Population
200
Speed
Normal
Resources
Standard
Victory
Conquest
Starting age
Dark Age
Ending age
Imperial Age
RankedLock teamsTeams togetherTeam positionsShared explorationLock speedFull tech treeHidden civsTurbo modeCheats
Victory
Defeat
🇮🇹 Maya · Italy
1731
+15
🇧🇷 Byzantines · Brazil
1719
-15
[LCDR] Chorobura
6:00 Loom
8:43 Feudal Age
10:04 Double-Bit Axe
16:05 Fletching
16:53 Padded Archer Armor
17:30 Horse Collar
18:26 Man-at-Arms
24:36 Castle Age
23:05 Scale Mail Armor
23:52 Forging
26:00 Gambesons
26:18 Squires
Popi
0:25 Loom
9:04 Feudal Age
9:06 Man-at-Arms
10:41 Double-Bit Axe
20:06 Castle Age
19:33 Scale Mail Armor
19:14 Horse Collar
20:38 Fletching
21:12 Chain Mail Armor
21:06 Eagle Warrior
22:42 Squires
23:41 Forging
25:39 Gold Mining
28:15 Arson
Connection lost

Rejoining the realm…

Still unreachable

The connection could not be restored.

Session expired

The server has moved on; the page needs a fresh start.